 Seeded DCSS version 0.29-a0-973-gac7da5f7f0 (webtiles) character file.

Game seed: 15876827109391346466 (custom seed)

26315 mcwallace the Destroyer (level 12, -2/64 HPs)
             Began as a Deep Elf Fire Elementalist on July 31, 2022.
             Was a Priest of Vehumet.
             Slain by a quicksilver ooze (7 damage)
             ... in an ice cave.
             The game lasted 00:50:56 (14961 turns).

mcwallace the Destroyer (DEFE)                     Turns: 14961, Time: 00:50:57

Health: -2/64      AC:  9    Str:  5    XL:     12   Next: 97%
Magic:  5/38       EV: 18    Int: 36    God:    Vehumet [***...]
Gold:   1276       SH:  7    Dex: 15    Spells: 9/33 levels left

rFire   x . .      SeeInvis .   g - +8 scimitar "Jellybane" {holy, MP+9, long}
rCold   + + .      Faith    .   A - +2 buckler
rNeg    + . .      Spirit   .   p - +0 robe {rC+}
rPois   +          Reflect  .   z - +1 helmet
rElec   .          Harm     .   q - +1 cloak of Jisobud {rN+ Int+10}
rCorr   .          Rampage  .   W - +0 pair of gloves
Will    +....                   I - +1 pair of boots
Stlth   ++........              r - amulet of Iplif {RegenMP +Inv}
HPRegen 0.20/turn               m - ring of poison resistance
MPRegen 0.66/turn               L - ring of ice

@: engulfed (cannot breathe)
A: no striking features
a: Renounce Religion, Evoke Invisibility


You were in an ice cave.
You worshipped Vehumet.
Vehumet was most pleased with you.
You visited 3 branches of the dungeon, and saw 12 of its levels.
You also visited: Bailey and Ice Cave.

You collected 1276 gold pieces.


   Skills:
 + Level 3.5 Fighting
 + Level 11.7 Dodging
 - Level 2.4 Stealth
 - Level 5.0 Shields
 - Level 11.3 Spellcasting
 + Level 14.9 Conjurations
 + Level 4.8 Summonings
 - Level 5.3 Fire Magic
 - Level 8.4 Evocations


You had 9 spell levels left.
You knew the following spells:

 Your Spells              Type           Power      Damage    Failure   Level
a - Foxfire               Conj/Fire      100%       2x1d9     1%          1
b - Scorch                Fire           100%       2d10      1%          2
c - Flame Wave            Conj/Fire      76%        2d17      1%          4
d - Orb of Destruction    Conj           45%        9d12      1%          7
e - Frozen Ramparts       Ice            60%        1d8       2%          3
f - Spellforged Servitor  Conj/Summ      37%        N/A       11%         7

Your spell library contained the following spells:

 Spells                   Type           Power      Damage    Failure   Level
 Stone Arrow              Conj/Erth      100%       3d13      1%          3
 Poisonous Vapours        Pois/Air       40%        N/A       1%          2
 Conjure Flame            Conj/Fire      76%        6-21      1%          3
 Inner Flame              Hex/Fire       39%        N/A       1%          3
 Summon Guardian Golem    Hex/Summ       37%        N/A       2%          3
 Tukima's Dance           Hex            20%        N/A       8%          3
 Yara's Violent Unravell  Hex/Tmut       10%        3d6       17%         5
 Corpse Rot               Necr/Pois/Air  20%        N/A       26%         4
 Passage of Golubria      Tloc           20%        N/A       26%         4
 Summon Cactus Giant      Summ           26%        N/A       47%         6
 Dispersal                Tloc           10%        N/A       98%         6
 Disjunction              Tloc           10%        N/A       100%        8

Inventory:

Hand Weapons
 g - the +8 scimitar "Jellybane" (weapon) {holy, MP+9, long}
   (You took it off a goblin in a bailey)

   It has been blessed by the Shining One to cause great damage to the undead
   and demons.
   MP:        It affects your magic capacity (+9).
 y - a +2 executioner's axe of freezing {axerare=g}
   (You found it in an ice cave)
Missiles
 T - 38 poisoned darts {throwing}
Armour
 p - a +0 robe of cold resistance (worn)
   (You found it in a bailey)
 q - the +1 cloak of Jisobud (worn) {rN+ Int+10}
   (You found it on level 2 of the Dungeon)

   Int:       It affects your intelligence (+10).
   rN:        It protects you from negative energy.
 z - a +1 helmet (worn)
   (You found it on level 6 of the Dungeon)
 A - a +2 buckler (worn)
   (You took it off a gnoll sergeant on level 9 of the Dungeon)
 D - a +2 ring mail of poison resistance
   (You took it off an orc in a bailey)
 I - a +1 pair of boots (worn)
   (You found it on level 3 of the Dungeon)
 N - the +1 robe of Koannajo {-Tele +Inv rN+++ Archmagi}
   (You found it on level 4 of the Dungeon)

   rN:        It renders you almost immune to negative energy.
   +Inv:      It lets you turn invisible.
   -Tele:     It prevents most forms of teleportation.
   Archmagi:  It increases the power of your magical spells.
 V - the +0 ice dragon scales of Isim {rF- rC++ rCorr Str+4}
   (You found it on level 9 of the Dungeon)

   Str:       It affects your strength (+4).
   rF:        It makes you vulnerable to fire.
   rC:        It greatly protects you from cold.
   rCorr:     It protects you from acid and corrosion.
 W - a +0 pair of gloves (worn)
   (You found it on level 8 of the Dungeon)
Magical Staves
 J - a staff of conjuration {!a@e2staff}
   (You took it off a centaur warrior on level 9 of the Dungeon)
 O - a staff of air {!astaff}
   (You found it on level 9 of the Dungeon)
Jewellery
 i - a +6 ring of dexterity
   (You found it on level 9 of the Dungeon)
 m - a ring of poison resistance (left hand)
   (You found it on level 1 of the Dungeon)
 n - a ring of protection from fire
   (You found it on level 1 of the Dungeon)
 r - the amulet of Iplif (around neck) {RegenMP +Inv}
   (You found it on level 2 of the Dungeon)

   [amulet of magic regeneration]

   It increases your rate of magic regeneration.
   +Inv:      It lets you turn invisible.
 C - a ring of protection from fire
   (You found it on level 9 of the Dungeon)
 L - a ring of ice (right hand)
   (You found it on level 4 of the Dungeon)
 S - the amulet of the Air {Inacc Air Fly rElec RMsl}
   (You took it off a centaur warrior on level 9 of the Dungeon)

   [amulet of nothing]

   It reduces the accuracy of all your attacks.
   It enhances your air magic.
   rElec:     It insulates you from electricity.
   Fly:       It grants you flight.
   RMsl:      It protects you from missiles.
 Z - a ring of see invisible
   (You found it on level 1 of the Lair of Beasts)
Wands
 E - a wand of charming (7)
   (You took it off a goblin on level 3 of the Dungeon)
 M - a wand of iceblast (19)
   (You found it on level 4 of the Dungeon)
Scrolls
 h - a scroll of butterflies {unknown}
 j - 5 scrolls of noise {!r}
 k - a scroll of silence {unknown}
 o - 2 scrolls of enchant weapon
 s - 4 scrolls of magic mapping {!r}
 t - a scroll of summoning {unknown}
 u - a scroll of blinking {unknown}
 x - 3 scrolls of amnesia
 F - 2 scrolls of teleportation {unknown}
 G - 2 scrolls of poison {unknown}
 H - a scroll of enchant armour {unknown}
 P - a scroll of vulnerability {unknown}
 X - a scroll of immolation {unknown}
 Y - 2 scrolls of fear
Potions
 a - 3 potions of haste {@q3}
 b - 3 potions of magic
 c - 4 potions of flight
 e - 3 potions of curing {@q1}
 f - a potion of cancellation {unknown}
 l - a potion of brilliance {unknown}
 v - 3 potions of berserk rage {unknown}
 w - 2 potions of heal wounds {unknown}
 B - 3 potions of attraction {unknown}
 K - 4 potions of ambrosia
 Q - a potion of mutation {unknown}
 R - a potion of lignification {unknown}
 U - 3 potions of might
Miscellaneous
 d - a phantom mirror
   (You found it on level 9 of the Dungeon)

Dungeon Overview and Level Annotations

Branches:
Dungeon (9/15) Zot: 24538  Temple (1/1) D:7 Zot: 5825    Lair (2/5) D:9 Zot: 10987
  Snake (0/4) Lair:2       Bailey (visited)           IceCv (1/1) Zot: 4989
  Swamp: Lair:2-3    Shoals: Lair:2-3       Orc: D:9-12

Altars:
Ashenzari
Cheibriados
Dithmenos
Elyvilon
Fedhas
Gozag
Hepliaklqana
Kikubaaqudgha
Makhleb
Nemelex Xobeh
Okawaru
Ru
Sif Muna
Trog
Uskayaw
Vehumet
Wu Jian
Xom
Yredelemnul
Zin
The Shining One

Shops:
D:1 [

Annotations:
D:4 1 runed translucent door, mcwallace's ghost, amateur DENe
D:7 2 transporters

#.......# ##..#....#
##...##...#
#...####..#
##..##.##..#
#..##.[##..##...
#..#..)#...##...
##.##..##...##..#
#..##..#.@..##..# ###
#..#..##.J####..#
##.####.##..#...# #..#
#...##..#..##..## #..#
#∩∩.....#..##9°# ##..#
#...##..#...#..##
#..##
##.####.##..##..###J.#
### #..#..##..##.JJ#
#..##.##...#...#


You could see a quicksilver ooze (combustible, ally target) and a friendly
spellforged servitor (summoned, magic disrupted).


Message History

Press: ? - help, Q - select action, (/) - cycle Dir - look around, f - activate You conjure some foxfire!
The foxfire hits the slime creature! x2; The slime creature closely misses you. 😮 HP[+1] MP[-1]
You lost 1 mp, and now have 36/38 mp.
You slash the slime creature!
The foxfire hits the slime creature.
The foxfire hits the slime creature but does no damage.
The slime creature barely misses you. 😮 MP[+1]
You slash the slime creature!
The slime creature barely misses you. 😮 MP[+1]
Your mp is fully restored (38).
You slash the slime creature!
You kill the slime creature!
Vehumet accepts your kill. 😮 HP[+1]
A quicksilver ooze comes into view.
The quicksilver ooze quivers. 😎 HP[+28]
Your hp is fully restored (64).
Casting: Foxfire (safe; 1% risk of failure)
Confirm with . or Enter, or press ? or * to list all spells.
The spell is quite dangerous to miscast (11% risk of failure)!
Continue anyway?
You summon a servant imbued with your destructive magic! 😎 MP[-6]
You lost 6 mp, and now have 32/38 mp.
Your spellforged servitor conjures a glowing orb.
The wavering orb of destruction weakly hits the quicksilver ooze!!
The quicksilver ooze closely misses your spellforged servitor.
The quicksilver ooze hits your spellforged servitor.
Your spellforged servitor's magic leaks into the air.
The quicksilver ooze barely misses your spellforged servitor.
The quicksilver ooze hits your spellforged servitor.
Your spellforged servitor's magic leaks into the air. 😎 MP[+1]
The quicksilver ooze barely misses your spellforged servitor.
The quicksilver ooze closely misses your spellforged servitor.
Your spellforged servitor falters for a moment. 😎 MP[+1]
The quicksilver ooze barely misses your spellforged servitor.
The quicksilver ooze hits your spellforged servitor!
Your spellforged servitor's magic leaks into the air.
Your spellforged servitor falters for a moment.
The quicksilver ooze hits you!
The quicksilver ooze completely misses you. 😕 HP[-12] MP[+1]
You take 12 damage, and now have 52/64 hp.
You slash the quicksilver ooze! The quicksilver ooze barely misses you.
The quicksilver ooze hits you but does no damage.
You block the quicksilver ooze's attack.
The quicksilver ooze hits you.
You feel your power leaking away.
Your spellforged servitor falters for a moment. 😮 HP[-5] MP[-12]
You take 5 damage, and now have 47/64 hp.
You lost 12 mp, and now have 23/38 mp. 😮 MP[+1]
You closely miss the quicksilver ooze. The quicksilver ooze hits you.
The quicksilver ooze engulfs you!
You block the quicksilver ooze's attack.
The quicksilver ooze hits you. The quicksilver ooze hits you!
You feel your power leaking away.
Your spellforged servitor launches a ball of destructive magic.
The quicksilver ooze barely misses you. The quicksilver ooze hits you!
* * * LOW HITPOINT WARNING * * *
You feel your power leaking away. 😨 HP[-18] MP[-18]
You take 18 damage, and now have 29/64 hp.
MASSIVE DAMAGE!! (PAUSE)
You lost 18 mp, and now have 6/38 mp.
You cannot cast spells while unable to breathe!
Unknown command.
Unknown command.
You cannot cast spells while unable to breathe!
You slip free of the ooze engulfing you.
The quicksilver ooze attacks as you move away!
You block the quicksilver ooze's attack. x2
You gasp with relief as air once again reaches your lungs.
Your orb of destruction hits an ice covered rock wall.
Casting: Spellforged Servitor (quite dangerous; 11% risk of failure)
Confirm with . or Enter, or press ? or * to list all spells.
Flames lash the quicksilver ooze.
The quicksilver ooze's fire resistance burns away.
The quicksilver ooze hits you!
* * * LOW HITPOINT WARNING * * *
The quicksilver ooze engulfs you!
The quicksilver ooze hits you but does no damage.
The quicksilver ooze closely misses you.
The quicksilver ooze completely misses you. 😱 HP[-13] MP[-1]
You take 13 damage, and now have 16/64 hp.
MASSIVE DAMAGE!! (PAUSE)
You lost 1 mp, and now have 5/38 mp.
You cannot cast spells while unable to breathe!
You slip free of the ooze engulfing you.
The quicksilver ooze attacks as you move away!
The quicksilver ooze hits you!
* * * LOW HITPOINT WARNING * * *
The quicksilver ooze hits you!
You die...

Skill      XL: |  1  2  3  4  5  6  7  8  9 10 11 12 |
---------------+-------------------------------------+-----
Dodging        | 3 4 5 6 8 10 11 | 11.7
Conjurations   | 2 3 4 5 7 13 14 | 14.9
Spellcasting   | 4 5 6 7 8 9 11 | 11.3
Fire Magic     | 4 5 |  5.3
Shields        | 1 2 3 4 5 |  5.0
Evocations     | 1 2 4 6 8 |  8.4
Summonings     | 4 |  4.8
Fighting       | 3 |  3.5
Stealth        | |  2.4

Action                   |  1- 3 |  4- 6 |  7- 9 | 10-12 || total
-------------------------+-------+-------+-------+-------++-------
Melee: Mace              |    32 |       |       |       ||    32
       Whip              |     3 |       |       |       ||     3
       War axe           |       |    14 |    12 |       ||    26
       Scimitar          |       |       |       |    68 ||    68
Throw: Dart              |       |     2 |       |     1 ||     3
       Stone             |       |       |     3 |     3 ||     6
 Cast: Foxfire           |    97 |    69 |   144 |   318 ||   628
       Scorch            |     6 |    10 |    39 |    60 ||   115
       Flame Wave        |       |       |     7 |    37 ||    44
       Orb of Destructio |       |       |       |    24 ||    24
       Spellforged Servi |       |       |       |     2 ||     2
       Frozen Ramparts   |       |       |       |     2 ||     2
Evoke: Wand              |       |       |     2 |       ||     2
  Use: Potion            |       |       |     2 |     1 ||     3
       Scroll            |       |       |       |    10 ||    10
 Stab: Sleeping          |     1 |       |       |       ||     1
       Distracted        |       |       |       |     1 ||     1
Armor: Robe              |     8 |     8 |    18 |    49 ||    83
Dodge: Dodged            |    42 |    14 |    52 |   159 ||   267
Block: Buckler           |       |     2 |    13 |    63 ||    78

Levels and vault maps discovered:
D:1:      lordsloth_arrival_two_stooges, layout_loops_ring, serial_shops,
          nicolae_diamond_shop
D:2:      layout_loops_ring, shapermc_ecumenical_altar_gd,
          roderic_serpentine_path, chequers_serial_rivers_micro_d, st_stairs_12,
          minmay_misc_feat_diagonals
D:3:      layout_loops_cross, nicolae_gozag_seed_capital, fountainhead
D:4:      layout_basic, hellmonk_ghost_happy_afterlife, sigmund_edmund_badplayer
D:5:      layout_loops_cross, mainiacjoe_overflow_tiny_flanked, uniq_menkaure
D:6:      layout_cave_pools, supply_closet_lemuel, minmay_between
D:7:      gammafunk_steamed_eel, layout_cave_pools,
          mainiacjoe_overflow_concentric_impassable,
          minmay_temple_entry_proselytizer, enter_bailey_2, dreamdust_gnoll_farm
D:8:      layout_layer_cave, nicolae_overflow_hidden_temple,
          ebering_dispersal_statue_hall, uniq_amaemon
D:9:      minmay_the_grid_triangle_9x9_rhombus_thin
          [minmay_the_grid_triangle_9x9_limited_checkers,
          minmay_the_grid_triangle_9x9_prize_center,
          minmay_the_grid_triangle_9x9_sparse_checkered,
          minmay_the_grid_triangle_9x9_impossible_snake], layout_stronghold,
          lemuel_mausoleum_altar_kikubaaqudgha, erik_lair_orcish_takeover
Temple:   dshaligram_water_room_temple
Lair:1:   layout_gridlike
Lair:2:   cheibrodos_lair_overgrown_chateau, layout_chaotic_city,
          portal_ice_cave_demonic_guard, minivault_26, infiniplex_staircase_pool
IceCv:    ice_cave_hellmonk_azure_passage

Notes
Turn   | Place    | Note
-------+----------+-------------------------------------------
     0 | D:1      | mcwallace the Deep Elf Fire Elementalist began the quest
                  | for the Orb.
     0 | D:1      | Reached XP level 1. HP: 10/10 MP: 6/6
     0 | D:1      | magus.rc [v1.9.6]
   143 | D:1      | Found Naur Rott's Antique Armour Shoppe.
   325 | D:1      | Reached XP level 2. HP: 15/15 MP: 2/8
  1241 | D:2      | Identified the +1 cloak of Jisobud {rN+ Int+10}
  1272 | D:2      | Identified the amulet of Iplif {RegenMP +Inv}
  1424 | D:2      | Reached skill level 3 in Dodging
  1424 | D:2      | Reached XP level 3. HP: 19/19 MP: 5/10
  1427 | D:2      | Learned a level 2 spell: Scorch
  1444 | D:2      | Reached skill level 2 in Conjurations
  2153 | D:2      | Found a faded altar of an unknown god.
  2577 | D:3      | Found an opulent altar of Gozag.
  2742 | D:3      | Reached XP level 4. HP: 24/24 MP: 7/11
  2746 | D:3      | Reached skill level 4 in Spellcasting
  2746 | D:3      | Reached skill level 4 in Fire Magic
  3323 | D:4      | Reached XP level 5. HP: 28/28 MP: 10/13
  3382 | D:4      | Reached skill level 4 in Dodging
  3382 | D:4      | Reached skill level 3 in Conjurations
  3499 | D:4      | Found a runed translucent door.
  3499 | D:4      | Noticed mcwallace's ghost (amateur DENe)
  3543 | D:4      | Reached skill level 1 in Shields
  3583 | D:4      | Reached XP level 6. HP: 32/32 MP: 11/15
  3594 | D:4      | Identified the +1 robe of Koannajo {-Tele +Inv rN+++
                  | Archmagi}
  3753 | D:4      | Noticed Edmund
  3761 | D:4      | Killed Edmund
  3762 | D:4      | Reached skill level 5 in Spellcasting
  3785 | D:4      | Noticed Sigmund
  3790 | D:4      | Killed Sigmund
  3791 | D:4      | Reached skill level 5 in Fire Magic
  3791 | D:4      | Reached skill level 1 in Evocations
  3791 | D:4      | Reached XP level 7. HP: 36/36 MP: 13/17
  3972 | D:4      | Reached skill level 2 in Shields
  4331 | D:5      | Entered Level 5 of the Dungeon
  4379 | D:5      | Reached skill level 5 in Dodging
  4380 | D:5      | Reached skill level 4 in Conjurations
  4385 | D:5      | Reached skill level 2 in Evocations
  4515 | D:5      | Found a white marble altar of Elyvilon.
  4821 | D:5      | You pick up a book of Dangerous Friends and begin
                  | reading...
  4821 | D:5      | You add the spells Summon Guardian Golem, Orb of
                  | Destruction and Spellforged Servitor to your library.
  4827 | D:5      | Learned a level 4 spell: Flame Wave
  4869 | D:5      | Noticed Menkaure
  4875 | D:5      | Killed Menkaure
  4876 | D:5      | Reached skill level 6 in Spellcasting
  4973 | D:5      | Reached XP level 8. HP: 41/41 MP: 15/19
  5374 | D:6      | Reached skill level 3 in Evocations
  5383 | D:6      | Reached skill level 5 in Conjurations
  5453 | D:6      | Reached skill level 6 in Dodging
  5453 | D:6      | Reached skill level 3 in Shields
  5468 | D:6      | Reached skill level 7 in Spellcasting
  5468 | D:6      | Reached skill level 4 in Evocations
  5468 | D:6      | HP: 9/41 [poisoned by a water moccasin]
  5930 | D:7      | Found a transporter.
  5949 | D:7      | Reached XP level 9. HP: 38/45 MP: 6/22
  6046 | D:7      | Found a flagged portal.
  6058 | Bailey   | Entered a bailey
  6284 | Bailey   | Reached skill level 7 in Dodging
  6284 | Bailey   | Reached skill level 6 in Conjurations
  6300 | Bailey   | Reached skill level 4 in Shields
  6444 | Bailey   | Noticed an orc high priest
  6450 | Bailey   | Noticed a hellwing
  6456 | Bailey   | Killed an orc high priest
  6457 | Bailey   | Reached skill level 8 in Spellcasting
  6457 | Bailey   | Reached skill level 5 in Evocations
  6607 | Bailey   | Noticed an orc high priest
  6612 | Bailey   | Noticed an ice devil
  6616 | Bailey   | HP: 7/45 [orc high priest/+0 broad axe (9)]
  6618 | Bailey   | Killed an orc high priest
  6619 | Bailey   | Reached skill level 8 in Dodging
  6619 | Bailey   | Reached skill level 7 in Conjurations
  6926 | Bailey   | Reached skill level 6 in Evocations
  7001 | Bailey   | Reached XP level 10. HP: 50/50 MP: 17/24
  7012 | Bailey   | Reached skill level 9 in Spellcasting
  7183 | Bailey   | Reached skill level 13 in Conjurations
  7183 | Bailey   | Reached XP level 11. HP: 54/54 MP: 26/26
  7192 | Bailey   | Learned a level 7 spell: Orb of Destruction
  7211 | Bailey   | Acquired 790 gold pieces
  7367 | Bailey   | Identified the +8 scimitar "Jellybane" {holy, MP+9}
  7554 | Bailey   | Found an iron altar of Okawaru.
  7776 | Bailey   | Reached skill level 5 in Shields
  8366 | D:7      | You pick up a book of Vapours and begin reading...
  8366 | D:7      | You add the spells Poisonous Vapours and Corpse Rot to your
                  | library.
  8372 | D:7      | Found a transporter.
  8422 | D:7      | Found an ornate altar of the Wu Jian Council.
  8525 | D:7      | Found a staircase to the Ecumenical Temple.
  8529 | Temple   | Entered the Ecumenical Temple
  8647 | Temple   | Became a worshipper of Vehumet
  9105 | D:8      | Noticed Amaemon
  9109 | D:8      | Killed Amaemon
  9121 | D:8      | HP: 8/54 [white imp/puff of frost (8)]
  9642 | D:8      | Reached skill level 9 in Dodging
  9719 | D:8      | Reached skill level 7 in Evocations
  9982 | D:8      | Noticed a two-headed ogre
  9986 | D:8      | Killed a two-headed ogre
  9987 | D:8      | Reached skill level 10 in Spellcasting
 10116 | D:8      | Found a basalt altar of Yredelemnul.
 10118 | D:8      | Found a glowing silver altar of Zin.
 10138 | D:8      | Found a shimmering altar of Xom.
 10152 | D:8      | Found a shimmering blue altar of Sif Muna.
 10922 | D:9      | Reached * piety under Vehumet
 10922 | D:9      | Offered knowledge of Shock by Vehumet.
 10948 | D:9      | Found a staircase to the Lair.
 10948 | D:9      | HP: 13/54 [poisoned by a kobold brigand]
 11715 | D:9      | You add the spells Tukima's Dance, Passage of Golubria and
                  | Yara's Violent Unravelling to your library.
 11991 | D:9      | Found an ancient bone altar of Kikubaaqudgha.
 11998 | D:9      | Reached skill level 8 in Evocations
 12194 | D:9      | Reached skill level 10 in Dodging
 12252 | D:9      | Offered knowledge of Freeze by Vehumet.
 12382 | D:9      | Reached skill level 11 in Spellcasting
 12382 | D:9      | Reached XP level 12. HP: 47/59 MP: 17/29
 12384 | D:9      | a centaur warrior comes into view. It is wielding a staff
                  | of conjuration and wearing the amulet of the Air {Inacc Air
                  | Fly rElec RMsl}.
 12384 | D:9      | Noticed a centaur warrior
 12385 | D:9      | Aim: a centaur warrior, wielding a staff of conjuration and
                  | wearing the amulet of the Air {Inacc Air Fly rElec RMsl}
                  | (wandering, hasn't noticed you, 65% to hit)
 12386 | D:9      | Reached skill level 14 in Conjurations
 12426 | D:9      | Reached ** piety under Vehumet
 12505 | D:9      | Killed a centaur warrior
 12655 | D:9      | Identified the +0 ice dragon scales of Isim {rF- rC++ rCorr
                  | Str+4}
 12677 | D:9      | You pick up a book of Scorching and begin reading...
 12949 | Lair:1   | Entered Level 1 of the Lair of Beasts
 12963 | Lair:1   | Reached skill level 1 in Summonings
 13080 | Lair:1   | Reached skill level 1 in Fighting
 13221 | Lair:1   | Identified the +4 scale mail of the Shoals {rC+ rN+}
 13495 | Lair:1   | Reached skill level 2 in Summonings
 13624 | Lair:1   | You fall into a shaft and drop 1 floor!
 13647 | Lair:2   | You pick up a book of the Warp and begin reading...
 13647 | Lair:2   | You add the spells Dispersal and Disjunction to your
                  | library.
 13719 | Lair:2   | Found a staircase to the Snake Pit.
 13755 | Lair:2   | Reached skill level 2 in Fighting
 13781 | Lair:2   | Reached skill level 11 in Dodging
 13781 | Lair:2   | Reached skill level 3 in Summonings
 13793 | Lair:2   | Offered knowledge of Frozen Ramparts by Vehumet.
 13800 | Lair:2   | Learned a level 3 spell: Frozen Ramparts
 13943 | Lair:2   | Reached skill level 3 in Fighting
 13943 | Lair:2   | Reached skill level 4 in Summonings
 13943 | Lair:2   | Found a frozen archway.
 13956 | IceCv    | Entered an ice cave
 14112 | IceCv    | Reached *** piety under Vehumet
 14411 | IceCv    | y - a +2 executioner's axe of freezing {axerare=g}
 14485 | IceCv    | Offered knowledge of Stone Arrow by Vehumet.
 14721 | IceCv    | Learned a level 7 spell: Spellforged Servitor
 14949 | IceCv    | Noticed a quicksilver ooze
 14960 | IceCv    | HP: 16/64 [quicksilver ooze (13)]
 14961 | IceCv    | HP: 5/64 [quicksilver ooze (11)]
 14961 | IceCv    | Slain by a quicksilver ooze

Vanquished Creatures
  A two-headed ogre (D:8)
  A centaur warrior (D:9)
  2 orc high priests (Bailey)
  Amaemon (D:8)
  A cyclops (D:9)
  A manticore (D:9)
  2 black mambas (Lair:2)
  5 cane toads (Lair:1)
  An orange demon (D:8)
  An unseen horror zombie (D:9)
  A rime drake (Lair:2)
  2 ice devils (Lair:2)
  2 entropy weaver simulacra (IceCv)
  3 trolls (D:9)
  3 hornets
  2 polar bears (Lair:2)
  12 slime creatures
  Sigmund (D:4)
  2 wraiths (D:9)
  A vampire (D:9)
  3 wyverns
  13 yaks
  3 basilisks
  2 wargs (D:9)
  2 steam dragons (D:8)
  Menkaure (D:5)
  An acid dragon (D:9)
  Edmund (D:4)
  8 water moccasins
  15 orc warriors
  A sky beast (D:8)
  An ugly thing simulacrum (IceCv)
  A black bear (D:6)
  3 centaurs
  3 kobold brigands
  4 necrophages
  11 bullfrogs
  A gnoll sergeant (D:9)
  3 scorpions
  A wyvern zombie (D:9)
  3 glowing shapeshifter simulacra (IceCv)
  5 wights
  5 howler monkeys (D:9)
  2 centaur zombies (D:9)
  8 electric eels
  A jelly (D:7)
  A gnoll bouda (D:7)
  A human zombie (D:9)
  5 orc priests
  4 hounds
  4 iguanas
  12 orc wizards
  2 mummies (D:9)
  A howler monkey zombie (D:9)
  6 adders
  23 gnolls
  3 white imps
  An ufetubus (D:4)
  2 worms
  A dart slug (D:3)
  35 orcs
  2 bats (D:3)
  4 endoplasms
  4 giant cockroaches
  9 goblins
  13 hobgoblins
  17 kobolds
  2 quokkas (D:2)
  4 ball pythons
  A frilled lizard (D:2)
  9 rats
313 creatures vanquished.

Vanquished Creatures (collateral kills)
  An ice statue (IceCv)
  A slime creature (IceCv)
  3 foxfires
5 creatures vanquished.

Vanquished Creatures (others)
  1059 foxfires
  5 fungi
  29 plants
1093 creatures vanquished.

Grand Total: 1411 creatures vanquished

Table legend:
 A = Non-vault XP
 B = Vault XP
 C = Vault XP percentage of total XP
 D = Non-vault monster count
 E = Vault monster count
 F = Vault count percentage of total count
                 A         B        C        D         E       F
            +---------+---------+-------+---------+---------+-------
      Total |   15614 |   16365 |  51.2 |     208 |     107 |  34.0
            +---------+---------+-------+---------+---------+-------
        D:1 |      23 |       0 |   0.0 |      13 |       0 |   0.0
        D:2 |      41 |      13 |  24.1 |      18 |       1 |   5.3
        D:3 |      84 |       0 |   0.0 |      17 |       0 |   0.0
        D:4 |     379 |     383 |  50.3 |      17 |       2 |  10.5
        D:5 |     393 |     172 |  30.4 |      16 |       1 |   5.9
        D:6 |     485 |     496 |  50.6 |      12 |       4 |  25.0
        D:7 |     721 |     197 |  21.5 |      25 |       8 |  24.2
        D:8 |    2953 |    1178 |  28.5 |      22 |       3 |  12.0
        D:9 |    2365 |    5565 |  70.2 |      31 |      31 |  50.0
     Lair:1 |    2881 |       0 |   0.0 |      13 |       0 |   0.0
     Lair:2 |    4765 |     687 |  12.6 |      22 |       2 |   8.3
     Bailey |       0 |    3524 | 100.0 |       0 |      38 | 100.0
      IceCv |     524 |    4150 |  88.8 |       2 |      17 |  89.5
            +---------+---------+-------+---------+---------+-------

Illustrated notes

Table legend:
 A = Kills in this place as a percentage of kills in entire the game.
 B = Kills by you in this place as a percentage of kills by you in the entire game.
 C = Kills by friends in this place as a percentage of kills by friends in the entire game.
 D = Other kills in this place as a percentage of other kills in the entire game.
 E = Experience gained in this place as a percentage of experience gained in the entire game.
 F = Experience gained in this place divided by the number of levels of this place that you have seen.
                   A       B       C       D       E      F
               +-------+-------+-------+-------+-------+----------------------
         Total | 100.0 | 100.0 | 100.0 |   N/A | 100.0 | 2284.2
       Dungeon |  70.2 |  70.6 |   0.0 |   N/A |  48.3 | 1716.4
          Lair |  11.7 |  11.8 |   0.0 |   N/A |  26.1 | 4166.5
        Bailey |  12.1 |  12.1 |   0.0 |   N/A |  11.0 | 3524.0
      Ice Cave |   6.0 |   5.4 | 100.0 |   N/A |  14.6 | 4674.0
               +-------+-------+-------+-------+-------+----------------------

Table legend: (Time is in decaauts)
 A = Elapsed time spent in this place.
 B = Non-inter-level travel time spent in this place.
 C = Inter-level travel time spent in this place.
 D = Time resting spent in this place.
 E = Time spent auto-exploring this place.
 F = Levels seen in this place.
 G = Mean time per level.
                   A        B        C        D        E       F      G
               +--------+--------+--------+--------+--------+-----+--------+
         Total |  15034 |  14587 |    447 |   1774 |  10230 |  14 | 1073.9 |
       Dungeon |  10726 |  10279 |    447 |   1016 |   7707 |   9 | 1191.8 |
        Temple |    174 |    174 |      0 |    100 |      8 |   1 |  174.0 |
          Lair |   1012 |   1012 |      0 |      0 |    591 |   2 |  506.0 |
        Bailey |   2110 |   2110 |      0 |    138 |   1649 |   1 | 2110.0 |
      Ice Cave |   1010 |   1010 |      0 |    520 |    274 |   1 | 1010.0 |
               +--------+--------+--------+--------+--------+-----+--------+

Top non-repeatable levels by time:
  Bailey: 2110 daAuts
     D:9: 1985 daAuts
     D:8: 1648 daAuts
     D:2: 1294 daAuts
     D:1: 1234 daAuts
     D:7: 1140 daAuts
     D:4: 1043 daAuts
   IceCv: 1010 daAuts
     D:5: 852 daAuts
     D:3: 781 daAuts
     D:6: 745 daAuts
  Lair:1: 677 daAuts
  Lair:2: 334 daAuts
  Temple: 174 daAuts
